 Dungeon Crawl Stone Soup version 0.28.0-43-g3370ac3207 (webtiles) character file.

Game seed: 16866262793401769538

159 NinjaNoafa the Sneak (level 5, -2/32 HPs)
             Began as a Kobold Brigand on Apr 1, 2022.
             Was a Believer of Qazlal.
             Slain by an adder (3 damage)
             ... on level 3 of the Dungeon.
             The game lasted 00:08:41 (2978 turns).

NinjaNoafa the Sneak (Kobold Brigand)               Turns: 2978, Time: 00:08:42

Health: -2/32      AC:  3    Str:  5 (8)  XL:     5   Next: 68%
Magic:  8/8        EV: 15    Int:  9 (12) God:    Qazlal [**....]
Gold:   14         SH:  3    Dex: 16 (19) Spells: 8/8 levels left

rFire   . . .      SeeInvis .   a - +6 dagger
rCold   . . .      Faith    .   (no shield)
rNeg    . . .      Spirit   .   k - +0 robe
rPois   .          Reflect  .   (no helmet)
rElec   .          Harm     .   c - +0 cloak
rCorr   .          Rampage  .   (no gloves)
Will    .....                   (no boots)
Stlth   +++.......              (no amulet)
HPRegen 0.10/turn               (no ring)
MPRegen 0.11/turn               (no ring)

@: mighty, lethally poisoned (-2 -> -5), studying Axes
A: small, no large weapons, nightstalker 3
a: Renounce Religion, Upheaval


You were on level 3 of the Dungeon.
You worshipped Qazlal.
Qazlal was pleased with you.
You visited 1 branch of the dungeon, and saw 3 of its levels.

You collected 14 gold pieces.

Inventory:

Hand Weapons
 a - a +6 dagger (weapon)
 b - a +0 hunting sling
 l - a +0 hand axe
 m - a +2 dagger of venom
Missiles
 d - 7 poisoned darts (quivered)
 e - 2 curare-tipped darts
 f - 78 stones
 p - 18 arrows
Armour
 c - a +0 cloak (worn)
 k - a +0 robe (worn)
Potions
 i - a potion of magic


   Skills:
 + Level 2.9 Fighting
 + Level 3.3 Short Blades
 - Level 2.5 Throwing
 + Level 2.6 Dodging
 + Level 5.9 Stealth
 + Level 2.1 Spellcasting
 * Level 2.0 Hexes


You had 8 spell levels left.
You didn't know any spells.
Your spell library contained the following spells:

 Spells                   Type           Power      Damage    Failure   Level
 Tukima's Dance           Hex            4%         N/A       38%         3
 Anguish                  Hex/Necr       1%         N/A       91%         4
 Enfeeble                 Hex            2%         N/A       100%        7


Dungeon Overview and Level Annotations

Branches:
Dungeon (3/15)

Altars:
Qazlal


Innate Abilities, Weirdness & Mutations

You are small and have problems with some larger weapons.
You are completely attuned to the shadows.


Message History

You see here a +0 short sword.
You barely miss the orc. The orc barely misses you.
You puncture the orc!
You kill the orc!
Qazlal accepts your kill. The orc barely misses you.
An orc wizard comes into view. It is wielding a +0 dagger.
You block the adder's attack. The orc closely misses you.
Items here: )) ††.
Okay, then.
You puncture the orc!
You kill the orc!
Qazlal accepts your kill. The adder barely misses you.
The adder closely misses you. You block the orc wizard's attack.
The adder completely misses you.
Things that are here:
a +0 flail; an orc corpse; a hobgoblin corpse You puncture the orc wizard!
The orc wizard is almost dead.
The adder bites you.
You are poisoned.
The adder poisons you!
The orc wizard hits you with a +0 dagger.
You closely miss the orc wizard.
The orc wizard is almost dead.
You feel sick. The adder bites you but does no damage.
The orc wizard gestures at you while chanting.
The puff of flame hits you!
* * * LOW HITPOINT WARNING * * *
It was a potion of degeneration.
There was something very wrong with that liquid.
You feel weakened.
You feel dopey.
You feel clumsy.
* * * LOW HITPOINT WARNING * * *
You feel sick. The adder bites you.
* * * LOW HITPOINT WARNING * * *
The orc wizard hits you but does no damage.
* * * LOW HITPOINT WARNING * * *
You feel sick. The adder bites you.
You die...

*,,,,,**,,***,,,,,***,...........
*,,,,,**,*##..###.##.............
,,******,......##..#.............
,,,,,,,,,..........#.............
,,,,***,,..........#......†......
,,,** *,,........................
,,,* *,,....)))°o)..............
,,,* *,........)S..............,
,,,* *,.......)@##........##..,,
,,,* **.......☼.###.#......#****
,,,* **.........#**..#####..,,**
**** *,...........**,* ****,,,
*,.........#.,,,* ***,
*,.........#**,,** **
*,..........,,,,,**********
*,.........****,,,,,,,,,,,,
**,,,,,,,,** *************


You could see an orc wizard and an adder.

Vanquished Creatures
  2 orc wizards (D:3)
  3 adders (D:2)
  A white imp (D:3)
  A worm (D:2)
  2 dart slugs (D:1)
  6 orcs
  2 bats
  8 endoplasms
  A giant cockroach (D:1)
  6 goblins
  5 hobgoblins
  4 kobolds (D:1)
  3 quokkas
  12 ball pythons
  2 frilled lizards (D:1)
  5 rats
63 creatures vanquished.

Notes
Turn   | Place    | Note
-------+----------+-------------------------------------------
     0 | D:1      | NinjaNoafa the Kobold Brigand began the quest for the Orb.
     0 | D:1      | Reached XP level 1. HP: 12/12 MP: 1/1
    96 | D:1      | Reached XP level 2. HP: 13/17 MP: 2/2
   233 | D:1      | Found a faded altar of an unknown god.
   264 | D:1      | Prayed at the altar of an unknown god.
   264 | D:1      | Became a worshipper of Qazlal Stormbringer
   264 | D:1      | Reached * piety under Qazlal
   611 | D:1      | Reached XP level 3. HP: 18/22 MP: 3/3
  1621 | D:2      | Reached skill level 1 in Spellcasting
  1621 | D:2      | Reached XP level 4. HP: 23/27 MP: 5/5
  1844 | D:2      | Reached ** piety under Qazlal
  1946 | D:2      | Reached skill level 1 in Hexes
  2662 | D:3      | Reached XP level 5. HP: 11/31 MP: 7/7
  2978 | D:3      | HP: 1/32 [poisoned by an adder]
  2978 | D:3      | Slain by an adder

Illustrated notes

Levels and vault maps discovered:
D:1:      dpeg_arrival_central, layout_basic,
          hellmonk_ecumenical_altar_inner_sanctum
D:2:      layout_loops_ring, minmay_tetromino_i2
D:3:      layout_rooms

Skill      XL: |  1  2  3  4  5 |
---------------+----------------+-----
Dodging        | 2 |  2.6
Short Blades   | 3 |  3.3
Spellcasting   | 1 2 |  2.1
Hexes          | 1 2 |  2.0
Fighting       | |  2.9
Throwing       | |  2.5
Stealth        | |  5.9

Action                   |  1- 3 |  4- 6 || total
-------------------------+-------+-------++-------
Melee: Dagger            |   124 |    83 ||   207
       Punch             |       |     2 ||     2
 Fire: Hunting sling     |       |     7 ||     7
Throw: Dart              |     5 |     7 ||    12
  Use: Scroll            |       |     3 ||     3
       Potion            |       |     2 ||     2
 Stab: Sleeping          |     4 |       ||     4
Armor: Robe              |    18 |    13 ||    31
Dodge: Dodged            |    78 |    63 ||   141
Block: Other             |     1 |    11 ||    12
